 Dungeon Crawl Stone Soup version 0.19-a0-450-g98b348d (webtiles) character file.

30 Skanax the Grave Robber (level 3, -1/24 HPs)
             Began as a Demonspawn Necromancer on June 1, 2016.
             Slain by an adder (2 damage)
             ... on level 1 of the Dungeon.
             The game lasted 00:03:45 (934 turns).

Skanax the Grave Robber (Demonspawn Necromancer)     Turns: 934, Time: 00:03:46

Health: -1/24      AC:  2    Str:  8    XL:     3   Next: 5%
Magic:  0/6        EV: 12    Int: 17    God:
Gold:   33         SH:  0    Dex: 13    Spells: 2 memorised, 4 levels left

rFire  . . .     SeeInvis .     e - +0 short sword (curse)
rCold  . . .     Gourm    .     a - +0 robe
rNeg   . . .     Faith    .     (no shield)
rPois  .         Spirit   .     (helmet restricted)
rElec  .         Dismiss  .     (no cloak)
rCorr  .         Reflect  .     (no gloves)
SustAt .         Harm     .     (no boots)
MR     .....                    (no amulet)
Stlth  ++........               (no ring)
                                (no ring)

@: very slightly contaminated, not resistant to hostile enchantments, unstealthy
A: horns 1, rot immunity
a: no special abilities


You were on level 1 of the Dungeon.
You were hungry.

You visited 1 branch of the dungeon, and saw 2 of its levels.

You collected 33 gold pieces.

Inventory:

Hand Weapons
 e - a cursed +0 short sword (weapon)
 h - a +0 hunting sling
 i - a +2 mace of protection
Missiles
 j - 8 poisoned needles
 k - 34 stones (quivered)
Armour
 a - a +0 robe (worn)
Scrolls
 f - 2 scrolls of blinking
Potions
 g - a potion of curing {unknown}
Books
 b - a book of Necromancy

   Spells                             Type                      Level
   a - Pain                           Necromancy                   1
   b - Animate Skeleton               Necromancy                   1
   c - Vampiric Draining              Necromancy                   3
   d - Regeneration                   Charms/Necromancy            3
   e - Animate Dead                   Necromancy                   4
   f - Control Undead                 Necromancy                   4
Comestibles
 c - 3 bread rations
 d - 5 chunks of flesh


   Skills:
 + Level 2.0 Dodging
 + Level 1.7 Stealth
 + Level 2.4 Spellcasting
 + Level 5.0 Necromancy


You had 4 spell levels left.
You knew the following spells:

 Your Spells              Type           Power        Failure   Level  Hunger
a - Pain                  Necr           ###.         2%          1    #......
b - Animate Skeleton      Necr           N/A          2%          1    #......


Dungeon Overview and Level Annotations

Branches:
Dungeon (2/15)

Altars:


Innate Abilities, Weirdness & Mutations

You have a pair of small horns on your head.
You are immune to rotting.


Message History

You climb upwards.
There is a stone staircase leading down here.
You closely miss the rat. Your headbutt misses the rat.
The adder bites you but does no damage. The rat barely misses you.
The rat twitches its whiskers.
The rat bites you.
* * * LOW HITPOINT WARNING * * *
The adder bites you but does no damage.
Casting: Pain
Confirm with . or Enter, or press ? or * to list all spells.
Aiming: Pain
Press: ? - help, Shift-Dir - straight line, f - adder
Aim: an adder (chance to defeat MR: 84%)
The adder convulses in agony!
The rat bites you.
* * * LOW HITPOINT WARNING * * *
The adder bites you but does no damage. The rat closely misses you.
You hit the rat.
You kill the rat!
The adder bites you.
You die...

#...# #.#..##)##.# #...#
#.##.##.##.#
.##.######.##..#.##.##########
.##........###.#.##..........#
#..######### #...###########.#
#..# ##.....# #.# .###
##.....###### #.# .###
#.S....'....# #.# #..#
#.#@...####.# #.# #..#
#.#r...# #.###.# ####
#####.#....# #.#...#
#.....#....####.#...####
#.#####....+..#.#...#... #.#
#.[..##.#.##.##.## #.#
#.....#.#...[Z..# #.#
#.#'#........##.# #.#
#.#Z##############


You could see an adder and a rat.

Vanquished Creatures
  An ooze (D:1)
  2 dart slugs
  A giant gecko (D:1)
  2 bats (D:1)
  3 giant cockroaches
  2 goblins
  4 hobgoblins (D:1)
  A kobold (D:1)
  3 rats (D:1)
19 creatures vanquished.

Vanquished Creatures (collateral kills)
  A hobgoblin (D:1)
1 creature vanquished.

Grand Total: 20 creatures vanquished

Notes
Turn   | Place    | Note
--------------------------------------------------------------
     0 | D:1      | Skanax the Demonspawn Necromancer began the quest for the Orb.
     0 | D:1      | Reached XP level 1. HP: 13/13 MP: 3/3
     3 | D:1      | Learned a level 1 spell: Animate Skeleton
   108 | D:1      | Gained mutation: You are immune to rotting. [demonic ancestry]
   108 | D:1      | Reached XP level 2. HP: 17/19 MP: 1/5
   462 | D:1      | Reached skill level 5 in Necromancy
   926 | D:2      | Gained mutation: You have a pair of small horns on your head. [demonic ancestry]
   926 | D:2      | Reached XP level 3. HP: 16/24 MP: 0/6
   933 | D:1      | HP: 1/24 [rat (2)]
   934 | D:1      | Slain by an adder

Vault maps used:
D:1:      lightli_iron_boxes

Skill      XL: |  1  2 |
---------------+-------+-----
Necromancy     | 5 |  5.0
Dodging        | 2 |  2.0
Stealth        | |  1.7
Spellcasting   | |  2.4

Action                   || total
-------------------------++-------
Melee: Short sword       ||    18
 Cast: Pain              ||    35
       Animate Skeleton  ||     6
  Use: Scroll            ||     6
Armor: Robe              ||     5
Dodge: Dodged            ||    27
